 Dungeon Sprint DCSS version 0.30-a0-862-g1aabd4f9c5 (webtiles) character file.

Game seed: 16105979949746236310

6 BigDaddyOpFi the Covered (level 1, -4/20 HPs)
             Began as an Armataur Fighter on Mar 8, 2023.
             Slain by an ogre
             ... wielding a +0 giant club
              (24 damage)
             ... in the Dungeon (Sprint IX: "|||||||||||||||||||||||||||||").
             The game lasted 00:00:03 (22 turns).

BigDaddyOpFi the Covered (Armataur Fighter)           Turns: 22, Time: 00:00:04

Health: -4/20      AC:  7    Str: 21    XL:     1   Next: 75%
Magic:  1/1        EV:  7    Int:  8    God:
Gold:   0          SH:  4    Dex:  9    Spells: 0/0 levels left

rFire   . . .      SeeInvis .    a - +0 war axe
rCold   . . .      Faith    .    c - +0 buckler
rNeg    . . .      Spirit   .    b - +0 scale mail
rPois   .          Reflect  .    (no helmet)
rElec   .          Roll     +    (no cloak)
rCorr   .          NoTele   +    (no gloves)
Will    .....                    (no barding) Stlth
                                 (no amulet)
HPRegen 0.23/turn                (no ring)
MPRegen 0.07/turn                (no ring)

@: no status effects
A: large, rugged brown scales 3, deformed body, armoured tail, roll, long
tongue, awkward tongue
a: no special abilities


You were in the Dungeon.
You visited 1 branch

Inventory:

Hand Weapons
 a - a +0 war axe (weapon)
Armour
 b - a +0 scale mail (worn)
 c - a +0 buckler (worn)
Scrolls
 j - a scroll of blinking
Potions
 d - a potion of might
 e - a potion of curing
 f - a potion of heal wounds
 g - a potion of haste
 h - 2 potions of magic
 i - a potion of berserk rage


   Skills:
 + Level 3.1 Fighting
 + Level 2.1 Axes
 + Level 4.2 Armour
 + Level 3.8 Shields


You couldn't memorise any spells.
You didn't know any spells.
Your spell library was empty.

Dungeon Overview and Level Annotations

Branches:
Dungeon (1/1)

Altars:


Innate Abilities, Weirdness & Mutations

You are completely covered in rugged brown scales. (AC +3, +7% HP)
Armour fits poorly on your strangely shaped body.
You have a long armoured tail.
You roll when moving toward enemies. (Rampage)
Your long tongue fully drains potion bottles. (2x potion effects)
Your tongue gives you trouble enunciating. (1.5x scroll delay)


Message History

The endoplasm quivers.
You slash the endoplasm!
You kill the endoplasm!
You hit the hobgoblin but do no damage.
The hobgoblin hits you but does no damage.
You closely miss the hobgoblin. The hobgoblin completely misses you.
The hobgoblin hits you but does no damage.
You closely miss the hobgoblin.
Your tail-slap misses the hobgoblin.
The hobgoblin hits you but does no damage.
You hit the hobgoblin.
The hobgoblin is lightly wounded.
The hobgoblin hits you but does no damage.
You block the hobgoblin's attack.
You slash the hobgoblin!
You kill the hobgoblin!
Your Fighting skill increases to level 3!
Your Armour skill increases to level 4!
You slash the endoplasm!
You kill the endoplasm!
Your Axes skill increases to level 2!
You hit the giant cockroach.
You kill the giant cockroach!
The bat barely misses you. x2
You miss the bat. The bat hits you but does no damage. x4
You closely miss the bat.
Your tail-slap misses the bat.
You block the bat's attack.
You roll towards the bat!
You closely miss the bat.
The bat hits you but does no damage. x2; The bat completely misses you.
You roll towards the bat!
You barely miss the bat. The bat hits you but does no damage.
You block the bat's attack. The bat barely misses you.
You slash the bat!
You kill the bat!
You open the door.
A white imp, a hound, a sleepcap and 2 ogres come into view.
The hound barks!
The ogre shouts! x2
You barely miss the ogre.
The ogre hits you with a +0 giant club!!
Ouch! That really hurt!
You die... ▓▓▓▓▓▓▓▓▓▓▓▓▓▓▓▓▓▓ +.5hOfO@....†...<▓ ▓▓▓▓▓▓▓▓▓▓▓▓▓▓▓▓▓▓

You could see 2 ogres, a sleepcap, a hound and a white imp.

Vanquished Creatures
  2 endoplasms (D)
  A giant cockroach (D)
  A hobgoblin (D)
  A bat (D)
5 creatures vanquished.

Notes
Turn   | Place    | Note
-------+----------+-------------------------------------------
     0 | D        | BigDaddyOpFi the Armataur Fighter began the quest for the
                  | Orb.
     0 | D        | Reached XP level 1. HP: 19/19 MP: 1/1
    10 | D        | Reached skill level 4 in Armour
    21 | D        | Noticed a hound
    21 | D        | Noticed an ogre
    21 | D        | Noticed a sleepcap
    21 | D        | Noticed an ogre
    22 | D        | Slain by an ogre

Illustrated notes

Levels and vault maps discovered:
D:        linesprint [early_d, line_temple, items_1, d_10, items_2, lair_1,
          lair_end, items_3, orc_1, orc_end, items_4, d_15, swamp_1, shoals_1,
          snake_1, spider_1, d_20, vaults_1, items_5, swamp_end, shoals_end,
          snake_end, spider_end, vaults_end, d_27, items_6, zot_1, zot_end,
          crypt_end, forest_end, elf_end, slime_end, tomb_end, abyss_end,
          pan_hell_end]

Skill      XL: |  1 |
---------------+----+-----
Fighting       | 3 |  3.1
Armour         | 4 |  4.2
Axes           | 2 |  2.1
Shields        | |  3.8

Action                     || total
---------------------------++-------
  Melee: War axe           ||    14
 Armour: Scale mail        ||    11
  Dodge: Dodged            ||     5
  Block: Buckler           ||     3

Table legend: (Time is in decaauts)
 A = Elapsed time spent in this place.
 B = Non-inter-level travel time spent in this place.
 C = Inter-level travel time spent in this place.
 D = Time resting spent in this place.
 E = Time spent auto-exploring this place.
 F = Levels seen in this place.
 G = Mean time per level.
                   A        B        C        D        E       F      G
               +--------+--------+--------+--------+--------+-----+--------+
         Total |     27 |     27 |      0 |      0 |      0 |   1 |   27.0 |
       Dungeon |     27 |     27 |      0 |      0 |      0 |   1 |   27.0 |
               +--------+--------+--------+--------+--------+-----+--------+

Top non-repeatable levels by time:
       D: 27 daAuts
